 Dungeon Crawl Stone Soup version 0.25-a0-413-g3b4b6a4ccc (webtiles) character file.

Game seed: 15882516284108308968, levelgen mode: deterministic

12570 Borgoz the Fighter (level 11, -2/73 HPs)
             Began as a Gargoyle Berserker on Jan 16, 2020.
             Was an Elder of Trog.
             Slain by an earth elemental (19 damage)
             ... summoned by a deep elf mage
             ... on level 11 of the Dungeon.
             The game lasted 00:15:35 (10267 turns).

Borgoz the Fighter (Gargoyle Berserker)            Turns: 10267, Time: 00:15:35

Health: -2/73      AC: 24    Str: 21    XL:     11   Next: 95%
Magic:  11/11      EV: 14    Int:  9    God:    Trog [****..]
Gold:   425        SH:  0    Dex: 11    Spells: 10/10 levels left

rFire    + . .     SeeInvis .   t - +4 great mace
rCold    + . .     Gourm    .   (shield currently unavailable)
rNeg     + . .     Faith    .   m - +0 plate armour
rPois    ∞         Spirit   .   d - +0 helmet
rElec    +         Reflect  .   y - scarf {rC+ rF+}
rCorr    .         Harm     +   (no gloves)
MR       +++..                  (no boots)
Stlth    ..........             l - amulet of harm
HPRegen  1.22/turn              r - ring of protection from magic
MPRegen  0.12/turn              q - +4 ring of evasion

@: regenerating
A: negative energy resistance 1, electricity resistance, unbreathing,
petrification resistance, rot immunity, AC +8
a: Berserk, Trog's Hand, Brothers in Arms, Renounce Religion


You were on level 11 of the Dungeon.
You worshipped Trog.
Trog was greatly pleased with you.
You were hungry.

You visited 1 branch of the dungeon, and saw 11 of its levels.
You visited the Abyss 1 time.

You collected 585 gold pieces.
You spent 160 gold pieces at shops.

Inventory:

Hand Weapons
 t - a +4 great mace (weapon)
Armour
 d - a +0 helmet (worn)
 m - a +0 plate armour (worn)
 y - a scarf of resistance (worn)
Jewellery
 l - an amulet of harm (around neck)
 q - a +4 ring of evasion (right hand)
 r - a ring of protection from magic (left hand)
 w - a cursed amulet of inaccuracy {unknown}
 A - an uncursed amulet of the acrobat {unknown}
 B - a cursed amulet of inaccuracy {unknown}
Wands
 j - a wand of polymorph (4)
Scrolls
 a - 2 scrolls of blinking
 b - 3 scrolls of remove curse
 g - 6 scrolls of teleportation
 i - 2 scrolls of immolation
 s - a scroll of enchant weapon
 u - a scroll of fear {unknown}
 v - a scroll of magic mapping
 x - a scroll of fog
Potions
 e - 3 potions of resistance
 f - 2 potions of heal wounds
 h - 3 potions of haste
 k - 2 potions of might
 n - 3 potions of flight {unknown}
 o - 2 potions of mutation
 p - a potion of ambrosia
 z - a potion of agility
 C - a potion of berserk rage {unknown}
 E - a potion of curing
Comestibles
 c - 19 rations
 D - 2 chunks of flesh


   Skills:
 + Level 10.7 Fighting
 + Level 10.0 Maces & Flails
 + Level 10.5 Armour
 + Level 8.1 Dodging


You had 10 spell levels left.
You didn't know any spells.
Your spell library was empty.

Dungeon Overview and Level Annotations

Branches:
Dungeon (11/15)            Temple (0/1) D:7            Lair (0/6) D:10
    Orc: D:9-12

Altars:
Nemelex Xobeh
Yredelemnul

Shops:
D:9 ![?!

Annotations:
D:5 3 runed translucent doors, Tux's ghost, novice DsAK


Innate Abilities, Weirdness & Mutations

You are resistant to torment.
Your stone body is resilient. (AC +8)
You are immune to poison.
You resist negative energy. (rN+)
You are resistant to electric shocks. (rElec)
You can survive without breathing.
You are immune to petrification.
You are immune to rotting.


Message History

Your skin crawls.
You feel resistant to hostile enchantments.
You are feeling hungry.
The earth elemental hits you.
You hit the earth elemental.
The earth elemental is lightly damaged.
The earth elemental hits you!
* * * LOW HITPOINT WARNING * * *
You hit the earth elemental but do no damage.
The earth elemental is lightly damaged.
The deep elf mage gestures wildly while chanting.
The deep elf mage blinks!
You sock the earth elemental!
The earth elemental is heavily damaged.
The deep elf mage gestures wildly while chanting.
The deep elf mage blinks!
The earth elemental misses you.
You hit the earth elemental.
The earth elemental is heavily damaged.
The earth elemental hits you!
You die...

#≈≈. #≈≈. #≈≈.
#≈≈. . #≈≈.
#>##≈≈.
≈≈≈≈≈≈.#######
≈≈≈≈≈.eEE@)..#
......§e####.#
#.#####°☼......
ee☼.#..##
.#.#.# #
#.#.#.. #
#....? #.# ##.
#.$ .#


You could see 2 earth elementals and 2 deep elf magi.

Vanquished Creatures
  Erolcha (D:9)
  4 two-headed ogres
  Nergalle (D:10)
  A sixfirhy (Abyss:1)
  Pikel (D:5)
  3 deep elf magi (D:11)
  A rust devil (D:6)
  Prince Ribbit (D:7)
  Sigmund (D:6)
  A wraith (D:6)
  A wyvern (D:9)
  A hungry ghost (D:10)
  Menkaure (D:6)
  4 orc warriors
  An ice beast (D:7)
  2 sky beasts
  4 slaves (D:5)
  A black bear (D:6)
  2 phantoms
  A hornet zombie (D:9)
  7 ogres
  5 centaurs
  Blork the orc (D:4)
  5 bullfrogs
  A wyvern zombie (D:8)
  3 scorpions
  A wyvern skeleton (D:6)
  4 jellies
  12 killer bees
  A howler monkey (D:5)
  3 crimson imps
  A bullfrog zombie (D:11)
  7 hounds
  5 orc priests
  Crazy Yiuf (D:4)
  2 bullfrog skeletons
  4 centaur skeletons
  7 orc wizards
  10 worker ants
  2 hound skeletons
  2 worker ant zombies
  3 gnolls (D:3)
  12 adders
  6 oozes
  2 adder skeletons
  An adder zombie (D:7)
  2 worms (D:3)
  4 dart slugs
  8 leopard geckos
  30 orcs
  10 bats
  9 giant cockroaches
  8 goblins
  19 hobgoblins
  10 jackals
  2 quokkas (D:3)
  4 ball pythons
  4 frilled lizards
  A jackal zombie (D:6)
  10 kobolds
  A leopard gecko skeleton (D:4)
  4 rats
267 creatures vanquished.

Vanquished Creatures (collateral kills)
  A rust devil (D:6)
  2 orc warriors (D:6)
3 creatures vanquished.

Vanquished Creatures (others)
  An orc wizard (D:6)
1 creature vanquished.

Grand Total: 271 creatures vanquished

Notes
Turn   | Place    | Note
-------+----------+-------------------------------------------
     0 | D:1      | Borgoz the Gargoyle Berserker began the quest for the Orb.
     0 | D:1      | Reached XP level 1. HP: 14/14 MP: 1/1
   211 | D:1      | Reached XP level 2. HP: 7/19 MP: 2/2
   644 | D:1      | Reached XP level 3. HP: 23/23 MP: 3/3
  1766 | D:2      | Reached XP level 4. HP: 29/29 MP: 4/4
  1855 | D:2      | Reached ** piety under Trog
  2368 | D:3      | Reached XP level 5. HP: 33/33 MP: 5/5
  2639 | D:3      | Reached *** piety under Trog
  2773 | D:3      | You fall into a shaft and drop 2 floors!
  2773 | D:5      | Entered Level 5 of the Dungeon
  2788 | D:5      | Reached XP level 6. HP: 37/39 MP: 6/6
  2838 | D:5      | Noticed a slave
  2839 | D:5      | Noticed Pikel
  2839 | D:5      | Noticed a slave
  2839 | D:5      | Noticed a slave
  2840 | D:5      | Noticed a slave
  2849 | D:5      | Killed a slave
  2853 | D:5      | Killed a slave
  2868 | D:5      | Killed a slave
  2881 | D:5      | Killed a slave
  2936 | D:5      | Killed Pikel
  2936 | D:5      | Reached skill level 5 in Fighting
  2936 | D:5      | Reached skill level 5 in Maces & Flails
  2936 | D:5      | Reached skill level 5 in Armour
  2936 | D:5      | Reached XP level 7. HP: 17/45 MP: 7/7
  2936 | D:5      | Reached XP level 8. HP: 19/51 MP: 8/8
  3475 | D:3      | Found a sparkling altar of Nemelex Xobeh.
  4529 | D:4      | Found a runed translucent door.
  4530 | D:4      | Noticed Crazy Yiuf
  4688 | D:4      | Noticed Blork the orc
  4698 | D:4      | Killed Blork the orc
  4906 | D:4      | Paralysed by Crazy Yiuf for 3 turns
  4909 | D:4      | Cast into level 1 of the Abyss (Crazy Yiuf)
  4946 | Abyss:1  | Noticed a thrashing horror
  4952 | Abyss:1  | Noticed a sixfirhy
  4976 | Abyss:1  | Killed a sixfirhy
  4976 | Abyss:1  | Reached skill level 5 in Dodging
  4976 | Abyss:1  | Reached XP level 9. HP: 25/57 MP: 9/9
  4978 | D:4      | Escaped the Abyss
  4981 | D:4      | Killed Crazy Yiuf
  5195 | D:5      | Found a runed translucent gate.
  5196 | D:5      | Found a runed translucent gate.
  5249 | D:5      | Noticed Tux's ghost (novice DsAK)
  5286 | D:5      | Found a runed translucent gate.
  5787 | D:6      | Reached **** piety under Trog
  5934 | D:6      | Noticed Menkaure
  5946 | D:6      | Killed Menkaure
  6244 | D:6      | Noticed Sigmund
  6252 | D:6      | Killed Sigmund
  6269 | D:6      | Reached XP level 10. HP: 53/64 MP: 10/10
  7036 | D:7      | Reached ***** piety under Trog
  7036 | D:7      | Received a gift from Trog
  7300 | D:7      | Found a staircase to the Ecumenical Temple.
  7334 | D:7      | Noticed Prince Ribbit
  7340 | D:7      | Killed Prince Ribbit
  7569 | D:6      | Noticed a rust devil
  7569 | D:6      | Noticed a rust devil
  7582 | D:6      | Killed a rust devil
  7586 | D:6      | Killed a rust devil
  7969 | D:8      | Noticed a two-headed ogre
  7980 | D:8      | Killed a two-headed ogre
  8133 | D:8      | Found a basalt altar of Yredelemnul.
  8498 | D:9      | Reached XP level 11. HP: 52/71 MP: 11/11
  8513 | D:9      | Found Qyotaku's Distillery.
  8514 | D:9      | Noticed Erolcha
  8525 | D:9      | Killed Erolcha
  8532 | D:9      | Bought a potion of heal wounds for 80 gold pieces
  8532 | D:9      | Bought a potion of heal wounds for 80 gold pieces
  8584 | D:9      | Noticed a two-headed ogre
  8592 | D:9      | Killed a two-headed ogre
  8859 | D:9      | Found Wuet's Magic Scroll Emporium.
  8981 | D:9      | Found Nipuli Sapry's Armour Shoppe.
  9006 | D:9      | Found Tapat's Distillery.
  9297 | D:10     | Entered Level 10 of the Dungeon
  9337 | D:10     | Noticed Nergalle
  9353 | D:10     | Reached skill level 10 in Fighting
  9355 | D:10     | Killed Nergalle
  9560 | D:10     | Reached skill level 10 in Armour
  9914 | D:10     | Found a staircase to the Lair.
 10073 | D:10     | Noticed a two-headed ogre
 10079 | D:10     | Killed a two-headed ogre
 10213 | D:11     | Noticed a deep elf mage
 10213 | D:11     | Noticed a two-headed ogre
 10219 | D:11     | Noticed a deep elf mage
 10220 | D:11     | Killed a two-headed ogre
 10223 | D:11     | Noticed a deep elf mage
 10225 | D:11     | Noticed a deep elf mage
 10229 | D:11     | Noticed a deep elf mage
 10242 | D:11     | Killed a deep elf mage
 10245 | D:11     | Noticed a deep elf mage
 10247 | D:11     | Killed a deep elf mage
 10253 | D:11     | Killed a deep elf mage
 10253 | D:11     | Reached skill level 10 in Maces & Flails
 10267 | D:11     | Slain by an earth elemental

Levels and vault maps discovered:
D:1:      onia_arrival_mini_maze_b, layout_loops_corners, grunt_decor_cap,
          minmay_pentomino_u4
D:2:      layout_loops_ring
D:3:      minmay_recursive_quarters, layout_basic, nemelex_lonely_heart_becter
D:4:      layout_loops_ring, uniq_blork_the_orc, uniq_crazy_yiuf_cottage
D:5:      layout_loops_ring, gammafunk_ghost_icy, first_ration, uniq_pikel
D:6:      cheibrodos_iron_armory, layout_basic, serial_park_tiny_1,
          uniq_sigmund, uniq_menkaure
D:7:      layout_loops_ring, minmay_temple_entry_glassed_door,
          uniq_prince_ribbit1
D:8:      layout_basic, yredelemnul_altar_generic
D:9:      layout_rooms, serial_shops, kennysheep_mini_moat,
          kennysheep_little_box, shop, kennysheep_mini, uniq_erolcha
D:10:     layout_roguey, lair_entry_dummy, hangedman_little_slice_of_home,
          uniq_nergalle
D:11:     layout_loops_cross, orc_0_dummy, serial_shops,
          nicolae_shop_waterfront, elves_outpost_lemuel, uniq_harold, uniq_urug

Skill      XL: |  1  2  3  4  5  6  7  8  9 10 11 |
---------------+----------------------------------+-----
Dodging        | 2 3 5 7 8 |  8.1
Armour         | 3 5 6 7 9 10 | 10.5
Fighting       | 4 5 7 8 9 10 | 10.7
Maces & Flails | 4 5 6 7 8 10 | 10.0

Action                   |  1- 3 |  4- 6 |  7- 9 | 10-12 || total
-------------------------+-------+-------+-------+-------++-------
Melee: Mace              |    94 |    82 |   111 |       ||   287
       Flail             |       |   233 |   249 |   130 ||   612
       Great mace        |       |       |       |   330 ||   330
Invok: Berserk           |       |     3 |     3 |     1 ||     7
       Trog's Hand       |       |     1 |     1 |     2 ||     4
       Brothers in Arms  |       |       |       |     1 ||     1
  Use: Scroll            |     1 |       |    12 |     3 ||    16
       Potion            |       |     3 |       |     2 ||     5
 Stab: Sleeping          |     3 |     1 |       |       ||     4
       Distracted        |       |       |       |     1 ||     1
  Eat: Chunk             |     3 |     6 |    11 |    15 ||    35
       Ration            |       |       |     1 |     2 ||     3
Armor: Animal skin       |    27 |     1 |       |       ||    28
       Plate armour      |       |   263 |   267 |   358 ||   888
Dodge: Dodged            |    54 |   240 |   224 |   448 ||   966

Table legend:
 A = Non-vault XP
 B = Vault XP
 C = Vault XP percentage of total XP
 D = Non-vault monster count
 E = Vault monster count
 F = Vault count percentage of total count
                 A         B        C        D         E       F
            +---------+---------+-------+---------+---------+-------
      Total |   12179 |    5779 |  32.2 |     229 |      38 |  14.2
            +---------+---------+-------+---------+---------+-------
        D:1 |      45 |       6 |  11.8 |      22 |       4 |  15.4
        D:2 |     113 |       0 |   0.0 |      24 |       0 |   0.0
        D:3 |     172 |      29 |  14.4 |      37 |      11 |  22.9
        D:4 |     647 |     130 |  16.7 |      16 |       2 |  11.1
        D:5 |     747 |     685 |  47.8 |      22 |       1 |   4.3
        D:6 |    1353 |    1179 |  46.6 |      30 |       6 |  16.7
        D:7 |     997 |     264 |  20.9 |      17 |       1 |   5.6
        D:8 |    1628 |       0 |   0.0 |      20 |       0 |   0.0
        D:9 |    1827 |     965 |  34.6 |      15 |       1 |   6.2
       D:10 |    2935 |     968 |  24.8 |      23 |       9 |  28.1
       D:11 |     935 |    1553 |  62.4 |       2 |       3 |  60.0
    Abyss:1 |     780 |       0 |   0.0 |       1 |       0 |   0.0
            +---------+---------+-------+---------+---------+-------
